AoeStats
← WaxCreator777

Arabian Desert

510896043Analyzed
1v1 RM · 12h ago on Oct 3, 2026· 40m 34s· 2 players
Game mode
Random Map
Map size
Tiny (2 player)
Population
200
Speed
Normal
Resources
Standard
Victory
Conquest
Starting age
Dark Age
Ending age
Imperial Age
RankedLock teamsTeams togetherTeam positionsShared explorationLock speedFull tech treeHidden civsTurbo modeCheats
Victory
Defeat
🇺🇸 Mongols · United States
878
+17
🇦🇷 Huns · Argentina
907
-48
WaxCreator777
8:13 Loom
10:04 Feudal Age
11:21 Horse Collar
14:41 Double-Bit Axe
19:18 Wheelbarrow
23:25 Castle Age
22:27 Scale Barding Armor
23:28 Forging
23:48 Fletching
24:16 Bloodlines
23:37 Light Cavalry
26:12 Iron Casting
28:16 Town Watch
28:50 Bloodlines
29:52 Hand Cart
32:37 Guard Tower
32:58 Masonry
35:09 Town Patrol
39:54 Imperial Age
41:30 Conscription
vethiga0
11:07 Feudal Age
11:38 Loom
12:42 Double-Bit Axe
12:41 Horse Collar
22:02 Padded Archer Armor
27:13 Castle Age
27:30 Scale Mail Armor
27:43 Elite Skirmisher
28:07 Pikeman
29:42 Squires
31:56 Wheelbarrow
37:42 Fletching
38:30 Bow Saw
Connection lost

Rejoining the realm…

Still unreachable

The connection could not be restored.

Session expired

The server has moved on; the page needs a fresh start.